Match 44510474
Unlisted

Match 44510474
End
Construct Section Command Post
Selects Australian Defense Battlegroup
Selects Australian Light Infantry Section
Australian Light Infantry Section
Australian Light Infantry Section
Australian Light Infantry Section
Australian Light Infantry Section
Construct Field Infirmary
Selects 2-pounder Anti-tank Gun Team
Australian Light Infantry Section
Construct Section Command Post
2-pounder Anti-tank Gun Team
Construct Section Command Post
Construct Platoon Command Post
Construct Company Command Post
Selects Vehicle Over Repair
Selects CMP 15cwt Supply Run
Crusader II Medium Tank
Matilda II Heavy Tank
Royal Engineer Section
Infantry Training
Selects Reinforced Resource Caches
Selects Archer Tank Destroyer
Archer Tank Destroyer
Vickers Machine Gun Team
Archer Tank Destroyer
BlueSkidrow™
XuMan.
0
0

Comments sign in to comment!

No comments posted yet!